 Dungeon Sprint DCSS version 0.30.0-5-g1a98f26d00 (webtiles) character file.

Game seed: 14882856880601078210

8565 EarthwalkerPL the Severer (level 11, -10/114 HPs)
             Began as a Hill Orc Fighter on May 12, 2023.
             Was a High Priest of Nemelex Xobeh.
             Engulfed by a pearl dragon's blessed fire (14 damage)
             ... in the Dungeon (Sprint V: "Ziggurat Sprint").
             The game lasted 00:08:10 (753 turns).

EarthwalkerPL the Severer (Hill Orc Fighter)         Turns: 753, Time: 00:08:11

Health: -10/114    AC: 31    Str: 36    XL:     11   Next: 32%
Magic:  15/15      EV: 10    Int:  8    God:    Nemelex Xobeh [*****.]
Gold:   0          SH: 15    Dex: 10    Spells: 10/10 levels left

rFire   . . .        F - +16 obsidian axe {drain, demonic, Mesm Drain Fly SInv}
rCold   . . .        C - +3 kite shield
rNeg    . . .        G - +15 Maxwell's patent armour {-Cast -Tele rElec Will+ rCorr}
rPois   .            (no helmet)
rElec   +            (no cloak)
rCorr   +            (no gloves)
SInv    +            (no boots)
Will    +....        (no amulet) Stlth
                     y - +6 ring of strength
HPRegen 0.39/turn    z - +6 ring of strength
MPRegen 0.14/turn

%: no teleportation, no spellcasting
@: flying, mesmerised, glowing, studying Armour
A: no striking features
a: Renounce Religion, Draw Escape, Draw Destruction, Draw Summoning, Triple
Draw, Deal Four, Stack Five


You were in the Dungeon.
You worshipped Nemelex Xobeh.
Nemelex Xobeh was extremely pleased with you.
You visited 1 branch

Inventory:

Hand Weapons
 a - a +0 war axe
 E - a +5 broad axe
 F - the +16 obsidian axe (weapon) {drain, demonic, Mesm Drain Fly SInv}
   (You found it in the Dungeon)

   Mesm:      Its wielder is mesmerised by any visible foes, and it cannot be
   unequipped while any foes are visible.
   SInv:      It lets you see invisible.
   Fly:       It grants you flight.
   Drain:     It drains your maximum health when unequipped.
 N - the +8 trishula "Condemnation" {holy, anguish, *Noise Fly rN+}
   (You found it in the Dungeon)

   rN:        It protects you from negative energy.
   Fly:       It grants you flight.
   *Noise:    It may make noises in combat.
Armour
 b - a +0 scale mail
 c - a +0 buckler
 B - a +5 crystal plate armour
 C - a +3 kite shield (worn)
 D - a +3 tower shield
 G - the +15 Maxwell's patent armour (worn) {-Cast -Tele rElec Will+ rCorr}
   (You found it in the Dungeon)

   rElec:     It insulates you from electricity.
   -Cast:     It prevents spellcasting.
   -Tele:     It prevents most forms of teleportation.
   rCorr:     It protects you from acid and corrosion.
   Will:      It increases your willpower.
 H - the +18 shield of the Gong {Loud rN+ Will+ rCorr EV-5}
   (You found it in the Dungeon)

   Loud:      It is deafeningly noisy when blocking attacks.
   EV:        It affects your evasion (-5).
   rN:        It protects you from negative energy.
   rCorr:     It protects you from acid and corrosion.
   Will:      It increases your willpower.
Jewellery
 n - a +6 ring of intelligence
 t - a ring of flight
 u - a +6 ring of dexterity
 v - a +6 ring of dexterity
 w - a +6 ring of intelligence
 x - a +6 ring of intelligence
 y - a +6 ring of strength (left hand)
 z - a +6 ring of strength (right hand)
 I - a ring of ice
 J - a ring of positive energy
 M - a ring of magical power
 O - a ring of poison resistance
 P - a ring of willpower
Wands
 s - a wand of quicksilver (18)
 A - a wand of mindburst (7)
 K - a wand of paralysis (16)
 L - a wand of roots (8)
Scrolls
 j - 4 scrolls of blinking
 o - 4 scrolls of amnesia
 p - 7 scrolls of fog
 q - 5 scrolls of identify
 r - 2 scrolls of fear
Potions
 d - 6 potions of might
 e - 10 potions of curing
 f - 10 potions of heal wounds
 g - 6 potions of haste
 h - 7 potions of magic
 i - 3 potions of berserk rage
 k - 2 potions of brilliance
 l - 2 potions of invisibility
 m - 4 potions of resistance


   Skills:
 * Level 15.9 Fighting
 * Level 17.2 Axes
 * Level 14.4 Armour
 + Level 6.7 Dodging
 * Level 13.8 Shields
 + Level 6.0 Invocations
 + Level 4.3 Evocations


You had 10 spell levels left.
You didn't know any spells.
Your spell library contained the following spells:

 Spells                   Type           Power      Damage    Failure   Level
 Sandblast                Erth           0%         2d4       94%         1
 Passwall                 Tmut/Erth      0%         N/A       98%         2
 Scorch                   Fire           0%         2d5       98%         2
 Wereblood                Tmut           0%         N/A       98%         2
 Call Canine Familiar     Summ           0%         N/A       100%        3
 Hailstorm                Conj/Ice       0%         3d3       100%        3
 Inner Flame              Hex/Fire       0%         N/A       100%        3
 Portal Projectile        Hex/Tloc       0%         N/A       100%        3
 Stone Arrow              Conj/Erth      0%         3d7       100%        3
 Ice Form                 Ice/Tmut       0%         N/A       100%        4
 Leda's Liquefaction      Hex/Erth       0%         N/A       100%        4
 Fireball                 Conj/Fire      0%         3d3       100%        5
 Conjure Ball Lightning   Conj/Air       0%         3x3d6     100%        6
 Simulacrum               Ice/Necr       0%         N/A       100%        6
 Discord                  Hex            0%         N/A       100%        8
 Disjunction              Tloc           0%         N/A       100%        8


Dungeon Overview and Level Annotations

Branches:
Dungeon (1/1)

Altars:
Ashenzari
Cheibriados
Dithmenos
Elyvilon
Fedhas
Gozag
Hepliaklqana
Kikubaaqudgha
Makhleb
Nemelex Xobeh
Okawaru
Qazlal
Ru
Sif Muna
Trog
Uskayaw
Vehumet
Wu Jian
Xom
Yredelemnul
Zin
The Shining One
Beogh
Jiyva
Lugonu

Annotations:
D 1 transporter


Message History

The blast of cleansing flame engulfs you!
Your neqoxec is engulfed in blessed fire.
The daeva blocks your neqoxec's attack.
The daeva calls down the wrath of the Shining One upon you.
The Shining One smites you! You block the daeva's attack. x2
Your hellwing is engulfed in blessed fire.
Your hellwing hits the daeva.
The daeva blocks your hellwing's attack.
You are too injured to fight recklessly!
Unknown command.
You are too injured to fight recklessly!
Unknown command.
You slash the daeva!
The daeva is moderately wounded.
The daeva blocks your attack.
You barely miss the pearl dragon.
Visions of slaying the daeva flood into your mind.
You are engulfed in blessed fire.
The pearl dragon bites you!
The pearl dragon claws you but does no damage.
Your neqoxec is engulfed in blessed fire.
Your neqoxec closely misses the daeva.
You barely miss the daeva.
The daeva is moderately wounded.
You slash the pearl dragon! You closely miss the daeva.
Visions of slaying the pearl dragon flood into your mind.
You are engulfed in blessed fire.
The daeva hits you with a +2 scimitar of holy wrath!!
* * * LOW HITPOINT WARNING * * *
The daeva hits you with a +2 scimitar of holy wrath.
* * * LOW HITPOINT WARNING * * *
The daeva barely misses you. You block the daeva's attack.
Your hellwing is engulfed in blessed fire.
The daeva blocks your hellwing's attack. x2
You block the pearl dragon's attack. The pearl dragon completely misses you.
You barely miss the daeva.
The daeva is moderately wounded.
You closely miss the pearl dragon. You slash the daeva!
Visions of slaying the daeva flood into your mind.
You are engulfed in blessed fire.
You die...
Your body glows with a rainbow of weird colours and disappears.

▓....©....▓...©...▓
▓▓▓▓▓▓▓▓▓▓▓▓▓▓▓▓▓▓▓▓▓
▓...8©8...▓...8©8...▓
▓..).[[|..▓..).|[)..▓
▓..))=:=..▓.....))..▓
▓.........▓......(..▓
▓.....A...▓......)()▓
▓...§AAD..▓.....))..▓
▓....4@3..▓.........▓
▓....§§§..▓.▓.....▓.▓
▓.........▓....©....▓
▓....©....▓▓▓▓▓▓▓▓▓▓▓
▓▓▓▓▓▓▓▓▓▓▓


You could see 2 daevas, a pearl dragon, a cherub, a friendly hellwing (summoned)
and a friendly neqoxec (summoned).

Vanquished Creatures
  A mummy priest (D)
  A dancing weapon (D)
  A deep elf archer (D)
  5 deep elf pyromancers (D)
  A deep elf zephyrmancer (D)
  A cyclops (D)
  2 yaktaurs (D)
  3 merfolk (D)
  A guardian mummy (D)
  A wind drake (D)
  A water elemental (D)
  A hell hound (D)
  A phantom (D)
  2 centaurs (D)
  A necrophage (D)
  2 wights (D)
  An orc priest (D)
  2 orc wizards (D)
  2 mummies (D)
  An adder (D)
  A shadow imp (D)
  2 ufetubi (D)
  2 adder skeletons (D)
  A bat skeleton (D)
  A ball python (D)
  2 ball python skeletons (D)
  3 ball python zombies (D)
  2 giant cockroach zombies (D)
45 creatures vanquished.

Vanquished Creatures (collateral kills)
  A death scarab (D)
  A cyclops (D)
  A merfolk (D)
  A water elemental (D)
  3 centaurs (D)
  An earth elemental (D)
  An orc wizard (D)
9 creatures vanquished.

Grand Total: 54 creatures vanquished

Notes
Turn   | Place    | Note
-------+----------+-------------------------------------------
     0 | D        | EarthwalkerPL the Hill Orc Fighter began the quest for the
                  | Orb.
     0 | D        | Reached XP level 1. HP: 19/19 MP: 1/1
     0 | D        | Found a shimmering blue altar of Sif Muna.
     0 | D        | Found a sacrificial altar of Ru.
     0 | D        | Found a bloodstained altar of Trog.
     0 | D        | Found a stormy altar of Qazlal.
     0 | D        | Found an iron altar of Okawaru.
     0 | D        | Found a sparkling altar of Nemelex Xobeh.
     0 | D        | Found a blossoming altar of Fedhas.
     0 | D        | Found the +6 Majin-Bo {spellvamp, MP+6 Int+6}
     0 | D        | Found the +27 heavy crossbow "Sniper" {heavy, Acc+∞ SInv}
     0 | D        | Found the +10 dark maul {heavy}
     0 | D        | Found the +15 Maxwell's patent armour {-Cast -Tele rElec
                  | Will+ rCorr}
     0 | D        | Found the +18 shield of the Gong {Loud rN+ Will+ rCorr
                  | EV-5}
     0 | D        | Found the +16 obsidian axe {drain, demonic, Mesm Drain Fly
                  | SInv}
     0 | D        | Found the +7 great mace "Firestarter" {flame, immolate,
                  | rFlCloud rF++}
     0 | D        | Found the +6 shillelagh "Devastator" {shatter}
     0 | D        | Found the +11 plutonium sword {Contam Stlth-}
     0 | D        | Found the +8 lance "Wyrmbane" {slay drac, rPois rF+ rC+
                  | AC+3}
     0 | D        | Found the +9 sword of Zonguldrok {reap}
     0 | D        | Found the +13 scythe of Curses {drain, curses, Drain}
     0 | D        | Found the +9 sword of Power {lifebolt}
     0 | D        | Found the +7 mace of Variability {chaos, chaos arc}
     0 | D        | Found the +11 Singing Sword {sonic wave}
     0 | D        | Found the +8 storm bow {elec, penet}
     2 | D        | Found a transporter.
     2 | D        | Found an ancient bone altar of Kikubaaqudgha.
     2 | D        | Found a viscous altar of Jiyva.
     2 | D        | Found a corrupted altar of Lugonu.
     2 | D        | Found a hazy altar of Hepliaklqana.
     2 | D        | Found a burning altar of Makhleb.
     2 | D        | Found an opulent altar of Gozag.
   115 | D        | Became a worshipper of Nemelex Xobeh the Trickster
   116 | D        | Reached skill level 8 in Axes
   116 | D        | Reached XP level 2. HP: 30/30 MP: 2/2
   125 | D        | Entered arena 2.
   125 | D        | Found a transporter.
   136 | D        | Entered arena 3.
   136 | D        | Noticed a phantom
   136 | D        | Noticed a necrophage
   136 | D        | Reached * piety under Nemelex Xobeh
   136 | D        | Found a transporter.
   141 | D        | Killed a necrophage
   142 | D        | Reached XP level 3. HP: 39/39 MP: 3/3
   142 | D        | Reached XP level 4. HP: 47/47 MP: 4/4
   143 | D        | Killed a phantom
   144 | D        | Reached skill level 9 in Axes
   144 | D        | Reached skill level 5 in Shields
   144 | D        | Reached XP level 5. HP: 56/56 MP: 5/5
   154 | D        | Entered arena 4.
   154 | D        | Noticed a deep elf pyromancer
   154 | D        | Noticed a deep elf pyromancer
   154 | D        | Noticed a water elemental
   154 | D        | Received a gift from Nemelex Xobeh
   154 | D        | Found a transporter.
   156 | D        | Killed a water elemental
   157 | D        | Reached skill level 10 in Axes
   157 | D        | Reached skill level 1 in Dodging
   157 | D        | Reached XP level 6. HP: 61/66 MP: 6/6
   158 | D        | Killed a deep elf pyromancer
   159 | D        | Reached skill level 10 in Fighting
   159 | D        | Reached skill level 11 in Axes
   159 | D        | Reached XP level 7. HP: 68/73 MP: 7/7
   159 | D        | Killed a deep elf pyromancer
   160 | D        | Reached skill level 12 in Axes
   160 | D        | Reached XP level 8. HP: 78/83 MP: 8/8
   173 | D        | Entered arena 5.
   173 | D        | Reached ** piety under Nemelex Xobeh
   173 | D        | Found a transporter.
   177 | D        | Noticed an ice devil
   194 | D        | Entered arena 6.
   194 | D        | Noticed a yaktaur
   194 | D        | Noticed a yaktaur
   194 | D        | Found a transporter.
   196 | D        | Reached skill level 13 in Axes
   199 | D        | Reached skill level 10 in Armour
   199 | D        | Reached skill level 10 in Shields
   199 | D        | Killed a yaktaur
   200 | D        | Reached XP level 9. HP: 89/91 MP: 9/9
   200 | D        | Killed a yaktaur
   207 | D        | Entered arena 7.
   207 | D        | Noticed a death scarab
   207 | D        | Noticed a mummy priest
   207 | D        | Noticed a guardian mummy
   207 | D        | Received a gift from Nemelex Xobeh
   208 | D        | Found a transporter.
   213 | D        | Killed a guardian mummy
   214 | D        | Reached skill level 14 in Axes
   216 | D        | Killed a death scarab
   217 | D        | Reached skill level 5 in Dodging
   217 | D        | Killed a mummy priest
   218 | D        | Reached skill level 15 in Axes
   218 | D        | Reached XP level 10. HP: 24/103 MP: 10/10
   427 | D        | Entered arena 8.
   427 | D        | Reached *** piety under Nemelex Xobeh
   427 | D        | Received a gift from Nemelex Xobeh
   428 | D        | Found a transporter.
   446 | D        | Entered arena 9.
   446 | D        | Found the +8 Vampire's Tooth {megavamp}
   446 | D        | Noticed a deep elf pyromancer
   446 | D        | Noticed a deep elf pyromancer
   446 | D        | Noticed a +1 heavy hand axe
   446 | D        | Noticed a deep elf archer
   446 | D        | Noticed a deep elf pyromancer
   446 | D        | Noticed a deep elf zephyrmancer
   447 | D        | Found a transporter.
   449 | D        | Killed a deep elf zephyrmancer
   450 | D        | Reached skill level 1 in Invocations
   450 | D        | Reached skill level 1 in Evocations
   450 | D        | Killed a +1 heavy hand axe
   454 | D        | Killed a deep elf archer
   454 | D        | Killed a deep elf pyromancer
   455 | D        | Reached skill level 15 in Fighting
   455 | D        | Reached skill level 16 in Axes
   455 | D        | Killed a deep elf pyromancer
   458 | D        | Killed a deep elf pyromancer
   459 | D        | Reached XP level 11. HP: 82/112 MP: 10/14
   538 | D        | Entered arena 10.
   538 | D        | Found the +8 trishula "Condemnation" {holy, anguish, *Noise
                  | Fly rN+}
   538 | D        | Received a gift from Nemelex Xobeh
   538 | D        | Reached **** piety under Nemelex Xobeh
   538 | D        | Received a gift from Nemelex Xobeh
   539 | D        | Found a transporter.
   570 | D        | Entered arena 11.
   570 | D        | Noticed a cyclops
   570 | D        | Noticed a cyclops
   570 | D        | Received a gift from Nemelex Xobeh
   571 | D        | Found a transporter.
   571 | D        | Reached ***** piety under Nemelex Xobeh
   575 | D        | Reached skill level 5 in Invocations
   576 | D        | Killed a cyclops
   582 | D        | Reached skill level 17 in Axes
   582 | D        | Killed a cyclops
   590 | D        | Got Qiock's Verses on the Changing Dragon
   745 | D        | Entered arena 12.
   745 | D        | Noticed a daeva
   745 | D        | Noticed a daeva
   745 | D        | Received a gift from Nemelex Xobeh
   746 | D        | Noticed a pearl dragon
   746 | D        | Noticed a cherub
   747 | D        | Found a transporter.
   752 | D        | HP: 4/114 [daeva/+2 scimitar of holy wrath (4)]
   753 | D        | Engulfed by a pearl dragon's blessed fire

Illustrated notes

Levels and vault maps discovered:
D:        sprint_v [room_start, room_1, room_2, room_3, room_4, room_5, room_6,
          room_7, room_8, room_9, room_10, room_11, room_12, room_13, room_14,
          room_15, room_16, room_17, room_18, room_19, room_20, room_21,
          room_22, room_23, room_24, room_25, room_26, room_27]

Skill      XL: |  1  2  3  4  5  6  7  8  9 10 11 |
---------------+----------------------------------+-----
Fighting       | 6 7 8 9 10 11 12 14 15 | 15.9
Axes           | 8 9 10 11 12 13 15 16 17 | 17.2
Armour         | 4 6 7 8 9 10 12 13 14 | 14.4
Shields        | 4 5 7 8 9 10 11 13 | 13.8
Dodging        | 1 3 4 5 6 |  6.7
Invocations    | 4 6 |  6.0
Evocations     | 3 4 |  4.3

Action                     |  1- 3 |  4- 6 |  7- 9 | 10-12 || total
---------------------------+-------+-------+-------+-------++-------
  Melee: Broad axe         |     4 |     5 |    19 |    38 ||    66
    Use: Potion            |     1 |       |       |       ||     1
   Stab: Distracted        |       |       |     1 |       ||     1
 Armour: Plate armour      |     2 |     2 |    16 |    20 ||    40
  Dodge: Dodged            |     1 |     1 |     7 |    19 ||    28
  Block: Kite shield       |     2 |       |    18 |    40 ||    60
